 Dungeon Crawl Stone Soup version 0.31-a0-851-g7ff8af7976 (webtiles) character file.

Game seed: 15699713317980502696

2 Kurtz the Sneak (level 1, -10/21 HPs)
             Began as a Naga Delver on Oct 7, 2023.
             Killed by nerve-wracking pain
             ... invoked by an orc priest
              (12 damage)
             ... on level 3 of the Dungeon.
             The game lasted 00:00:29 (140 turns).

Kurtz the Sneak (Naga Delver)                        Turns: 140, Time: 00:00:30

Health: -10/21     AC:  1    Str: 14    XL:     1   Next: 30%
Magic:  1/1        EV:  9    Int: 10    God:
Gold:   19         SH:  0    Dex: 12    Spells: 0/0 levels left

rFire   . . .        a - +0 hand axe
rCold   . . .        (no shield)
rNeg    . . .        b - +0 leather armour
rPois   +            (no helmet)
rElec   .            (no cloak)
rCorr   .            (no gloves)
SInv    +            (no barding)
Will    .....        (no amulet)
Stlth   +++          (no ring)
HPRegen 0.23/turn    (no ring)
MPRegen 0.07/turn

%: no passive effects
@: very slow
A: AC +0, large, see invisible, deformed body, poison resistance, slowness 2,
spit poison 1, naga tail 1
a: Spit Poison


You were on level 3 of the Dungeon.
You visited 1 branch of the dungeon, and saw 3 of its levels.

You collected 19 gold pieces.

Inventory:

Hand Weapons
 a - a +0 hand axe (weapon)
Armour
 b - a +0 leather armour (worn)
Wands
 g - a wand of digging (3)
 h - a wand of acid (13)
Scrolls
 c - a scroll of fog
 d - a scroll of revelation
 e - a scroll of fear
Potions
 f - a potion of haste


   Skills:
 - Level 3.0 Fighting
 * Level 2.2 Axes
 - Level 1.5 Dodging
 - Level 7.2 Stealth


You couldn't memorise any spells.
You didn't know any spells.
Your spell library was empty.

Dungeon Overview and Level Annotations

Branches:
Dungeon (5/15)
 Temple: D:4-7

Altars:

Annotations:
D:4 exclusions: sleepcap and 1 more exclusion


Innate Abilities, Weirdness & Mutations

Your serpentine skin is tough. (AC +0)
You have supernaturally acute eyesight. (SInv)
Armour fits poorly on your strangely shaped body.
Your system is resistant to poisons. (rPois)
You cover ground very slowly.
You can spit poison.
You have a snake-like lower body.


Message History

h - a wand of acid (13)
You start resting.
HP restored.
Found 12 gold pieces and a scroll labelled WAOMNODAMOE.
Found 7 gold pieces.
You now have 12 gold pieces.
Found a scroll labelled CUIGIW HIESO.
A sleepcap comes into view.
Reduced exclusion size to a single square.
Press: ? - help, . - travel You can't see that place. [the floor.] Placed new exclusion.
A hobgoblin comes into view.
You see here 7 gold pieces.
The helpless hobgoblin fails to defend itself.
You slash the hobgoblin!
You kill the hobgoblin!
You see here a hobgoblin corpse.
You now have 19 gold pieces (gained 7).
Found a stone staircase leading up.
A giant cockroach comes into view.
A ball python comes into view.
There is a stone staircase leading up here.
You climb upwards.
There is a stone staircase leading down here.
The helpless orc fails to defend itself.
You hit the orc.
The orc is heavily wounded.
The orc hits you with a +2 short sword of speed.
Unknown command.
The orc shouts!
The orc priest shouts!
The orc hits you with a +2 short sword of speed.
The orc priest calls down the wrath of Beogh upon you.
Beogh smites you!
Ouch! That really hurt!
* * * LOW HITPOINT WARNING * * *
The orc priest invokes the aid of Beogh against you.
Pain shoots through your body!
Ouch! That really hurt!
You die...

... #.# #
#.# .#
... ...
#.# ...#
#.# ..o.#
#o#.o....
#@.o.....
###.o....
###..


You could see 2 orc priests and 3 orcs.

Vanquished Creatures
  A hobgoblin (D:4)
  A ball python (D:4)
2 creatures vanquished.

Notes
Turn   | Place    | Note
-------+----------+-------------------------------------------
     0 | D:5      | Kurtz the Naga Delver began the quest for the Orb.
     0 | D:5      | Reached XP level 1. HP: 21/21 MP: 1/1
    26 | D:5      | Identified the +0 scale mail of Pyfesirr {rPois}
   103 | D:4      | Noticed a sleepcap
   138 | D:3      | Noticed an orc priest
   138 | D:3      | Noticed an orc priest
   140 | D:3      | Killed from afar by an orc priest

Illustrated notes

Levels and vault maps discovered:
D:3:      layout_loops_ring, kennysheep_cross_bottleneck, uniq_natasha
D:4:      minmay_polygon_palace, layout_rooms, st_stairs_11, uniq_eustachio
D:5:      layout_rooms

Action                     || total
---------------------------++-------
  Melee: Hand axe          ||     5
   Stab: Sleeping          ||     2
 Armour: Leather armour    ||     6

Table legend: (Time is in decaauts)
 A = Elapsed time spent in this place.
 B = Non-inter-level travel time spent in this place.
 C = Inter-level travel time spent in this place.
 D = Time resting spent in this place.
 E = Time spent auto-exploring this place.
 F = Levels seen in this place.
 G = Mean time per level.
                   A        B        C        D        E       F      G
               +--------+--------+--------+--------+--------+-----+--------+
         Total |    182 |    168 |     14 |     24 |     35 |   3 |   60.7 |
       Dungeon |    182 |    168 |     14 |     24 |     35 |   3 |   60.7 |
               +--------+--------+--------+--------+--------+-----+--------+

Top non-repeatable levels by time:
     D:4: 128 daAuts
     D:5: 51 daAuts
     D:3: 2 daAuts
